 Dungeon Crawl Stone Soup version 0.27.1-4-g1640c2035a (webtiles) character file.

Game seed: 5343255809077912768

116 Stomo444 the Skirmisher (level 4, -4/40 HPs)
             Began as a Draconian Monk on Nov 10, 2021.
             Was a Follower of Uskayaw.
             Slain by an ogre (29 damage)
             ... on level 3 of the Dungeon.
             The game lasted 00:04:43 (3713 turns).

Stomo444 the Skirmisher (Draconian Monk)            Turns: 3713, Time: 00:04:43

Health: -4/40      AC:  5    Str: 14    XL:     4   Next: 69%
Magic:  5/5        EV: 13    Int: 10    God:    Uskayaw [*.....]
Gold:   98         SH:  0    Dex: 14    Spells: 3/3 levels left

rFire    . . .     SeeInvis .   a - +0 mace
rCold    . . .     Faith    .   (no shield)
rNeg     . . .     Spirit   .   (armour unavailable)
rPois    .         Reflect  .   (helmet restricted)
rElec    .         Harm     .   (no cloak)
rCorr    .         Rampage  .   (no gloves)
Will     .....                  (no boots)
Stlth    ++........             (no amulet)
HPRegen  0.13/turn              (no ring)
MPRegen  0.09/turn              (no ring)

@: no status effects
A: AC +5, unfitting armour, cold-blooded
a: Renounce Religion, Stomp


You were on level 3 of the Dungeon.
You worshipped Uskayaw.
Uskayaw was noncommittal.
You visited 1 branch of the dungeon, and saw 4 of its levels.

You collected 98 gold pieces.

Inventory:

Hand Weapons
 a - a +0 mace (weapon)
Missiles
 j - a throwing net (quivered)
Jewellery
 h - a ring of protection from fire
Scrolls
 c - a scroll of teleportation
 d - 5 scrolls of identify
 e - a scroll of amnesia {unknown}
 l - a scroll of brand weapon {unknown}
Potions
 f - a potion of curing {unknown}
 g - a potion of brilliance {unknown}
 i - a potion of magic {unknown}
 k - a potion of attraction {unknown}


   Skills:
 + Level 4.1 Fighting
 + Level 3.9 Maces & Flails
 + Level 3.4 Dodging
 - Level 1.7 Stealth
 + Level 1.6 Invocations


You had 3 spell levels left.
You didn't know any spells.
Your spell library contained the following spells:

 Spells                   Type           Power      Damage    Failure   Level
 Animate Skeleton         Necr           0%         N/A       36%         1
 Apportation              Tloc           0%         N/A       36%         1
 Corona                   Hex            0%         N/A       36%         1
 Summon Small Mammal      Summ           0%         N/A       36%         1
 Blink                    Tloc           N/A        N/A       50%         2
 Gell's Gravitas          Tloc           0%         N/A       75%         3
 Teleport Other           Tloc           0%         N/A       75%         3
 Manifold Assault         Tloc           0%         N/A       100%        5
 Dispersal                Tloc           0%         N/A       100%        6
 Storm Form               Tmut/Air       0%         N/A       100%        7


Dungeon Overview and Level Annotations

Branches:
Dungeon (4/15)
 Temple: D:4-7

Altars:
Fedhas
Uskayaw


Innate Abilities, Weirdness & Mutations

Your plain brown scales are hard. (AC +5)
You cannot fit into any form of body armour.
You are cold-blooded and may be slowed by cold attacks.


Message History

The ogre hits you with a +0 giant spiked club!
The kobold shouts!
You hear a shout!
An orc comes into view. It is wielding a +0 flail.
A goblin comes into view. It is wielding a +0 club.
The goblin barely misses you.
There is a stone staircase leading up here.
The goblin closely misses you.
You climb upwards.
There is a stone staircase leading down here.
You barely miss the goblin. The goblin barely misses you.
You hit the goblin.
The goblin is severely wounded.
The goblin hits you with a +0 club.
You hit the goblin but do no damage.
The goblin is severely wounded.
The goblin completely misses you. The goblin closely misses you.
You barely miss the goblin.
The goblin is severely wounded.
The goblin hits you but does no damage.
You hit the goblin.
You kill the goblin!
You see here a +0 club.
HP restored.
Done exploring.
Done exploring.
There is a stone staircase leading down here.
You climb downwards.
The ogre barely misses you.
The ogre hits you with a +0 giant spiked club!
There is a stone staircase leading up, spattered with blood here.
You climb upwards.
There is a stone staircase leading down here.
You hit the ogre.
The ogre is lightly wounded.
The ogre closely misses you.
You hit the ogre.
The ogre is moderately wounded.
The ogre hits you with a +0 giant spiked club!!
Ouch! That really hurt!
You die...

......# #....##############.....
.#....####....##...............##
.#..........>)...........###+####
.#...........###.#.#####..#.....#
.................#.######.#.....#
..............####.#.............
..............# #.#.............
..............####.#.......#+###.
...............O@............# #.
..#########+#.####........#..# ##
..+.................#######..# #
..######..#.......#.# #.....####
#..#......#.........# #.....##..
...#.####.#.#.....######......#..
.........<....................#[.
.#.#.###..#.####...##.......#..##
.#.#.###..#.#..'[..++.......)#.##


You could see an ogre.

Vanquished Creatures
  Terence (D:3)
  3 adders
  4 dart slugs
  7 bats
  3 endoplasms
  A giant cockroach (D:2)
  3 goblins
  7 hobgoblins
  6 jackals
  5 kobolds
  A quokka (D:2)
  5 ball pythons
  2 frilled lizards (D:1)
  7 rats
55 creatures vanquished.

Notes
Turn   | Place    | Note
-------+----------+-------------------------------------------
     0 | D:1      | Stomo444 the Draconian Monk began the quest for the Orb.
     0 | D:1      | Reached XP level 1. HP: 19/19 MP: 1/1
   200 | D:1      | Reached XP level 2. HP: 26/26 MP: 2/2
   681 | D:1      | Found a faded altar of an unknown god.
   866 | D:1      | Became a worshipper of Uskayaw the Reveller
   866 | D:1      | Reached * piety under Uskayaw
   866 | D:1      | Reached ** piety under Uskayaw
   944 | D:2      | HP: 1/26 [poisoned by an adder]
  1327 | D:2      | Reached XP level 3. HP: 7/33 MP: 3/3
  1937 | D:2      | Reached skill level 1 in Invocations
  2258 | D:3      | Noticed Terence
  2483 | D:3      | Killed Terence
  2484 | D:3      | Reached skill level 4 in Fighting
  2484 | D:3      | Reached XP level 4. HP: 29/40 MP: 3/5
  3214 | D:3      | Found a blossoming altar of Fedhas.
  3245 | D:3      | Found a hide-covered altar of Uskayaw.
  3565 | D:4      | Noticed an ogre
  3713 | D:3      | Slain by an ogre

Illustrated notes

Levels and vault maps discovered:
D:1:      heliophobic_arrival_enchanted_forest, layout_rooms,
          hellmonk_ecumenical_altar_inner_sanctum, serial_forest,
          infiniplex_forest_end_3, infiniplex_forest_pool,
          infiniplex_forest_diagonal, infiniplex_forest_3_way,
          infiniplex_forest_straight_4, infiniplex_forest_zigzag_2,
          serial_bayou_pond_e
D:2:      layout_rooms
D:3:      layout_basic, mainiacjoe_overflow_24_doors, fedhas_altar_3,
          minmay_misc_feat_room, uniq_terence
D:4:      minmay_skewed_foursquare, layout_loops_cross,
          mainiacjoe_overflow_large_starburst, kennysheep_cross_room

Skill      XL: |  1  2  3 |
---------------+----------+-----
Dodging        | 3 |  3.4
Invocations    | 1 |  1.6
Fighting       | 4 |  4.1
Maces & Flails | |  3.9
Stealth        | |  1.7

Action                   |  1- 3 |  4- 6 || total
-------------------------+-------+-------++-------
Melee: Mace              |   145 |    51 ||   196
       Tailslap          |    11 |     4 ||    15
       Unarmed           |     1 |       ||     1
Invok: Stomp             |       |     1 ||     1
  Use: Scroll            |     2 |     1 ||     3
       Potion            |     2 |       ||     2
 Stab: Sleeping          |     3 |     2 ||     5
Armor: Skin              |    43 |    13 ||    56
Dodge: Dodged            |   127 |    41 ||   168
